 Dungeon Crawl Stone Soup version 0.27.1-3-gb3d3a73c9e (webtiles) character file.

Game seed: 11088479518004794947

424 Trumpetguy the Grave Robber (level 6, -1/33 HPs)
             Began as a Deep Elf Necromancer on Oct 6, 2021.
             Slain by an ogre (19 damage)
             ... on level 3 of the Dungeon.
             The game lasted 00:40:05 (6854 turns).

Trumpetguy the Grave Robber (Deep Elf Necromancer)  Turns: 6854, Time: 00:40:06

Health: -1/33      AC:  3    Str:  5    XL:     6   Next: 64%
Magic:  14/14      EV: 14    Int: 22    God:
Gold:   187        SH:  0    Dex: 15    Spells: 4/13 levels left

rFire    . . .     SeeInvis .   (no weapon)
rCold    . . .     Faith    .   (no shield)
rNeg     + . .     Spirit   .   a - +0 robe
rPois    .         Reflect  .   g - +0 helmet
rElec    .         Harm     .   (no cloak)
rCorr    .         Rampage  .   (no gloves)
Will     .....                  (no boots)
Stlth    +++.......             (no amulet)
HPRegen  0.11/turn              h - ring of positive energy
MPRegen  0.14/turn              (no ring)

@: no status effects
A: no striking features
a: no special abilities


You were on level 3 of the Dungeon.
You visited 1 branch of the dungeon, and saw 5 of its levels.

You collected 187 gold pieces.

Inventory:

Missiles
 b - 10 atropa-tipped darts
 o - 2 datura-tipped darts
Armour
 a - a +0 robe (worn)
 f - a +0 animal skin
 g - a +0 helmet (worn)
Jewellery
 h - a ring of positive energy (left hand)
 n - a ring of poison resistance
Scrolls
 d - a scroll of immolation {unknown}
 i - 3 scrolls of teleportation
 j - a scroll of summoning {unknown}
 m - a scroll of identify
Potions
 c - a potion of ambrosia {unknown}
 e - a potion of haste {unknown}
 k - a potion of attraction {unknown}
 l - a potion of resistance {unknown}


   Skills:
 + Level 0.4 Fighting
 * Level 4.5 Dodging
 * Level 4.3 Stealth
 + Level 4.4 Spellcasting
 + Level 7.4 Necromancy


You had 4 spell levels left.
You knew the following spells:

 Your Spells              Type           Power      Damage    Failure   Level
a - Pain                  Necr           100%       1d9       1%          1
b - Animate Skeleton      Necr           74%        N/A       1%          1
c - Vampiric Draining     Necr           18%        2d8       1%          3
d - Animate Dead          Necr           18%        N/A       4%          4

Your spell library contained the following spells:

 Spells                   Type           Power      Damage    Failure   Level
 Agony                    Necr           37%        N/A       14%         5


Dungeon Overview and Level Annotations

Branches:
Dungeon (5/15)
 Temple: D:4-7

Altars:
Ashenzari
Dithmenos
Nemelex Xobeh
Okawaru

Shops:
D:1 =

Annotations:
D:2 1 exclusion, Jessica


Message History

There is a stone staircase leading down here.
You climb downwards.
Found 8 gold pieces.
There is a stone staircase leading up here.
You now have 154 gold pieces (gained 8).
Found 17 gold pieces.
Found a bubbling cyan potion.
Found an iron altar of Okawaru.
You now have 171 gold pieces (gained 17).
Found a black potion.
Found 16 gold pieces.
c - a bubbling cyan potion You now have 187 gold pieces (gained 16).
An ogre comes into view. It is wielding a +0 giant club.
The ogre writhes in agony.
The ogre barely resists.
The ogre writhes in agony.
There is a stone staircase leading up here.
You can't go down here!
HP restored.
The ogre closely misses you.
You climb upwards.
There is a stone staircase leading down here.
The ogre hits you with a +0 giant club!
The ogre enters a dispersal trap!
You blink.
The ogre blinks!
There is a stone staircase leading up here.
You climb upwards.
There is a stone staircase leading down here.
You start resting.
HP restored.
You start waiting.
Done waiting.
There is a stone staircase leading down here.
You climb downwards.
The ogre closely misses you.
There is a stone staircase leading up here.
The ogre hits you with a +0 giant club!
You climb upwards.
There is a stone staircase leading down here.
The ogre hits you with a +0 giant club!!
Ouch! That really hurt!
You die...

# ################# ##
#.........#.....# ########## .#
#.........#.....# ##.....##.. .#
#.........#..O..###..........
.####.........#.@....>...........
..............#.....##...........
..####.########......#...........
...# #.# #......#........... ...#
#.# ######.#...........
...###.######## #.#...........
...##.........# #.##..........
......#.......# ###.........##..
..##..........####....###########


You could see an ogre.

Vanquished Creatures
  A black bear (D:4)
  An ogre (D:4)
  A hound (D:4)
  Natasha (thrice) (D:2)
  Robin (D:2)
  4 gnolls (D:3)
  2 adders (D:2)
  A worm (D:2)
  4 orcs (D:3)
  5 ball pythons
  3 bats
  4 endoplasms
  2 giant cockroaches
  10 goblins
  10 hobgoblins
  9 kobolds
  A quokka (D:2)
  2 frilled lizards (D:1)
  3 rats
67 creatures vanquished.

Vanquished Creatures (collateral kills)
  2 adder skeletons (D:4)
  A dart slug (D:1)
  A bat (D:3)
4 creatures vanquished.

Grand Total: 71 creatures vanquished

Notes
Turn   | Place    | Note
-------+----------+-------------------------------------------
     0 | D:1      | Trumpetguy the Deep Elf Necromancer began the quest for the
                  | Orb.
     0 | D:1      | Reached XP level 1. HP: 10/10 MP: 6/6
     0 | D:1      | Noticed a djinni
     0 | D:1      | Noticed a vine stalker
     3 | D:1      | Noticed a gargoyle
     5 | D:1      | Noticed a troll
     6 | D:1      | Noticed a minotaur
     9 | D:1      | Noticed a troll
    11 | D:1      | Noticed a naga
    11 | D:1      | Noticed a barachi
    13 | D:1      | Noticed a vine stalker
    15 | D:1      | Noticed a human
    15 | D:1      | Noticed an ogre
    15 | D:1      | Noticed an ogre
    17 | D:1      | Noticed a merfolk
    17 | D:1      | Noticed a ghoul
   225 | D:1      | Learned a level 1 spell: Animate Skeleton
   234 | D:1      | Reached skill level 5 in Necromancy
   507 | D:1      | Reached XP level 2. HP: 12/15 MP: 5/8
  1067 | D:1      | Found Pesm's Jewellery Shop.
  1827 | D:2      | Reached XP level 3. HP: 16/19 MP: 6/9
  2293 | D:2      | Noticed Jessica
  2376 | D:2      | Found a shadowy altar of Dithmenos.
  2430 | D:2      | Noticed Natasha
  2435 | D:2      | Killed Natasha
  2436 | D:2      | Reached skill level 6 in Necromancy
  2464 | D:2      | Learned a level 3 spell: Vampiric Draining
  2511 | D:2      | Reached XP level 4. HP: 22/24 MP: 7/10
  2761 | D:2      | Noticed Natasha
  2772 | D:2      | Killed Natasha
  3167 | D:2      | Noticed Natasha
  3179 | D:2      | Killed Natasha
  3889 | D:3      | Noticed Robin
  3952 | D:2      | Learned a level 4 spell: Animate Dead
  3962 | D:2      | Reached XP level 5. HP: 20/28 MP: 7/11
  4320 | D:2      | Killed Robin
  4515 | D:3      | Found a sparkling altar of Nemelex Xobeh.
  5088 | D:3      | Found a faded altar of an unknown god.
  5321 | D:4      | Noticed an ogre
  5327 | D:4      | Killed an ogre
  5328 | D:4      | Reached skill level 7 in Necromancy
  5328 | D:4      | Reached XP level 6. HP: 29/33 MP: 7/13
  5550 | D:4      | Found a broken altar of Ashenzari.
  6502 | D:5      | Entered Level 5 of the Dungeon
  6529 | D:5      | Found an iron altar of Okawaru.
  6854 | D:3      | Slain by an ogre

Illustrated notes

Levels and vault maps discovered:
D:1:      shiori_arrival_whats_in_store_for_you, layout_loops_ring,
          serial_shops, shop
D:2:      layout_basic, basic_altar, serial_bayou_pond_d, uniq_jessica,
          uniq_natasha
D:3:      layout_rooms, mainiacjoe_overflow_cross_hatched,
          basic_ecumenical_altar, uniq_robin
D:4:      black_bear_nest_1, layout_cave_pools, evilmike_ruin_ashenzari,
          hangedman_decor_diamond_cutter, chequers_jeans
D:5:      layout_cave_pods, mainiacjoe_overflow_tiny_flanked,
          minmay_temple_entry_drinking_statues, nicolae_elemental_shop

Skill      XL: |  1  2  3  4  5  6 |
---------------+-------------------+-----
Necromancy     | 5 6 7 |  7.4
Stealth        | 3 4 |  4.3
Dodging        | 3 4 |  4.5
Spellcasting   | 4 |  4.4
Fighting       | |  0.4

Action                   |  1- 3 |  4- 6 || total
-------------------------+-------+-------++-------
Melee: Unarmed           |       |     6 ||     6
 Cast: Pain              |    51 |    91 ||   142
       Animate Skeleton  |     5 |     6 ||    11
       Animate Dead      |       |     3 ||     3
       Vampiric Draining |       |     1 ||     1
  Use: Scroll            |     2 |       ||     2
       Potion            |       |     2 ||     2
Armor: Robe              |     1 |    14 ||    15
Dodge: Dodged            |     3 |    60 ||    63
